 Dungeon Crawl Stone Soup version 0.31-a0-931-g7b59d4eb97 (webtiles) character file.

Game seed: 14735870898056055781

3480 Ekaitz the Digger (level 9, -1/51 HPs)
             Began as a Deep Elf Earth Elementalist on Oct 19, 2023.
             Was a Believer of Vehumet.
             Slain by a hobgoblin
             ... wielding a +0 hand axe
              (7 damage)
             ... in a bailey.
             The game lasted 00:22:03 (6653 turns).

Ekaitz the Digger (Deep Elf Earth Elementalist)     Turns: 6653, Time: 00:22:04

Health: -1/51      AC:  4    Str:  7    XL:     9   Next: 79%
Magic:  17/20      EV: 15    Int: 21    God:    Vehumet [**....]
Gold:   405        SH:  0    Dex: 17    Spells: 6/21 levels left

rFire   . . .        a - +7 Throatcutter {drain, coup de grace}
rCold   . . .        (no shield)
rNeg    + . .        E - +0 robe
rPois   +            (no helmet)
rElec   .            (no cloak)
rCorr   .            l - +0 pair of gloves
SInv    .            k - +0 pair of boots
Will    .....        O - amulet of magic regeneration
Stlth   +++          G - ring of positive energy
HPRegen 0.28/turn    I - ring of poison resistance
MPRegen 0.57/turn

%: no passive effects
@: no status effects
A: no striking features
a: Renounce Religion


You were in a bailey.
You worshipped Vehumet.
Vehumet was pleased with you.
You visited 2 branches of the dungeon, and saw 8 of its levels.
You also visited: Sewer, Ossuary and Bailey.

You collected 405 gold pieces.

Inventory:

Hand Weapons
 a - the +7 Throatcutter (weapon) {drain, coup de grace}
   (You found it on level 3 of the Dungeon)
 U - a +3 short sword of venom
Missiles
 j - 2 throwing nets
 n - 8 poisoned darts
 w - 6 atropa-tipped darts
 A - a curare-tipped dart
Armour
 k - a +0 pair of boots (worn)
 l - a +0 pair of gloves (worn)
 E - a +0 robe (worn)
Magical Staves
 f - a staff of fire
 N - a staff of death
Jewellery
 G - a ring of positive energy (left hand)
 I - a ring of poison resistance (right hand)
 M - a ring of fire
 O - an amulet of magic regeneration (around neck)
 Q - a +6 ring of dexterity
Talismans
 h - a talisman of death
Wands
 o - a wand of roots (14)
 D - a wand of quicksilver (7)
 L - a wand of polymorph (6)
 W - a wand of flame (9)
Scrolls
 g - 2 scrolls of enchant weapon {unknown}
 m - 2 scrolls of silence {unknown}
 r - 5 scrolls of fear {unknown}
 t - 4 scrolls of teleportation {unknown}
 u - 3 scrolls of immolation {unknown}
 v - 2 scrolls of vulnerability {unknown}
 y - a scroll of poison {unknown}
 B - a scroll of fog {unknown}
 F - 2 scrolls of acquirement {unknown}
 H - a scroll of brand weapon {unknown}
 J - 2 scrolls of enchant armour {unknown}
 P - 3 scrolls of amnesia {unknown}
Potions
 b - 5 potions of magic
 d - 6 potions of curing
 e - 2 potions of lignification
 p - 5 potions of heal wounds
 q - a potion of ambrosia
 x - 3 potions of might
 R - 2 potions of invisibility
 S - 3 potions of enlightenment
 X - a potion of cancellation


   Skills:
 * Level 3.4 Fighting
 + Level 0.6(2.5) Short Blades
 + Level 3.6 Long Blades
 * Level 5.6 Dodging
 + Level 6.2 Stealth
 + Level 6.6 Spellcasting
 * Level 5.1 Conjurations
 + Level 1.7 Transmutations
 + Level 0.4 Fire Magic
 * Level 6.9 Earth Magic
 * Level 4.7 Evocations
 * Level 4.3 Shapeshifting


You had 6 spell levels left.
You knew the following spells:

 Your Spells              Type           Power      Damage    Failure   Level
a - Sandblast             Erth           70%        2d15      1%          1
b - Passwall              Tmut/Erth      20%        N/A       2%          2
c - Stone Arrow           Conj/Erth      64%        3d11      2%          3
d - Brom's Barrelling Bo  Conj/Erth      32%        2d5       8%          4
e - Petrify               Tmut/Erth      25%        N/A       16%         4
f - Foxfire               Conj/Fire      72%        2x1d7     3%          1

Your spell library contained the following spells:

 Spells                   Type           Power      Damage    Failure   Level
 Inner Flame              Hex/Fire       7%         N/A       26%         3
 Magic Dart               Conj           100%       1d8       1%          1
 Searing Ray              Conj           56%        2d6       1%          2
 Apportation              Tloc           12%        N/A       10%         1
 Hailstorm                Conj/Ice       17%        3d6       10%         3
 Jinxbite                 Hex            12%        N/A       14%         2
 Lesser Beckoning         Tloc           12%        N/A       14%         2
 Gell's Gravitas          Tloc           6%         N/A       28%         3
 Teleport Other           Tloc           6%         N/A       28%         3
 Fulminant Prism          Conj/Hex       8%         3d7       30%         4
 Summon Ice Beast         Ice/Summ       6%         N/A       67%         4
 Alistair's Intoxication  Tmut/Pois      6%         N/A       87%         5
 Simulacrum               Ice/Necr       3%         N/A       100%        6


Dungeon Overview and Level Annotations

Branches:
Dungeon (7/15)             Temple (1/1) D:4           Sewer (visited)
Ossuary (visited)          Bailey (1/1)

Altars:
Ashenzari
Dithmenos
Elyvilon
Fedhas
Gozag
Hepliaklqana
Makhleb
Nemelex Xobeh
Okawaru
Ru
Trog
Uskayaw
Vehumet
Wu Jian
Xom
Yredelemnul
Zin
The Shining One

Annotations:
D:3 Grinder
D:6 Maggie
Temple 4 transporters


Message History

The hobgoblin hits you with a +0 hand axe.
* * * LOW HITPOINT WARNING * * *
There is an open door here.
Unknown command.
You hit the orc warrior but do no damage.
The orc warrior completely misses you.
Casting: Stone Arrow (dangerous; 2% risk of failure)
Confirm with . or Enter, or press ? or * to list all spells.
Aiming: Stone Arrow (dangerous; 2% risk of failure)
Press: ? - help, Shift-Dir - straight line, f - orc warrior
Aim: an orc warrior, wielding a +0 war axe and wearing a +0 plate armour (74% to hit)
The stone arrow hits the orc warrior!
The orc warrior is heavily wounded.
The orc warrior hits you with a +0 war axe.
* * * LOW HITPOINT WARNING * * *
Casting: Stone Arrow (dangerous; 2% risk of failure)
Confirm with . or Enter, or press ? or * to list all spells.
Aiming: Stone Arrow (dangerous; 2% risk of failure)
Press: ? - help, Shift-Dir - straight line, f/p - orc warrior
Aim: an orc warrior, wielding a +0 war axe and wearing a +0 plate armour (heavily wounded, 74% to hit)
The stone arrow hits the orc warrior!!
You kill the orc warrior!
Vehumet accepts your kill.
You feel your power returning.
You hit the goblin.
The goblin is severely wounded.
You barely miss the goblin.
The goblin is severely wounded.
The goblin misses you. The hobgoblin closely misses you.
You slash the goblin!
You kill the goblin!
Vehumet accepts your kill.
You feel your power returning. The hobgoblin barely misses you.
You closely miss the hobgoblin.
The hobgoblin hits you but does no damage.
The hobgoblin hits you with a +0 hand axe.
* * * LOW HITPOINT WARNING * * *
You closely miss the hobgoblin.
The hobgoblin hits you with a +0 hand axe!
You die...

#.......##
.........#
.........##
....⌠..... ######
.......).##.....##
.........#.......#
#......)##)......##
#.)...).g@........+
##.....##)........##
#######..)..⌠.....#
##.).......#
#.........#
##.......# #.......#
##.....##
♣♣##'''##♣♣


You could see a hobgoblin.

Vanquished Creatures
  The ghost of Ekaitz the Firebug, an amateur DsFE (D:4)
  Prince Ribbit (D:5)
  Sigmund (D:3)
  4 water moccasins
  3 orc warriors
  An ice beast (D:5)
  3 black bears
  3 ogres
  A centaur (D:7)
  2 kobold brigands
  2 bullfrogs
  A scorpion (D:6)
  A wyvern zombie (D:4)
  A necrophage (D:4)
  3 water moccasin zombies (Ossuary)
  2 howler monkeys
  5 hounds
  A centaur skeleton (D:4)
  2 jellies
  2 orc priests
  4 iguanas
  2 orc wizards
  A killer bee zombie (D:4)
  2 mummies (Ossuary)
  7 gnolls
  9 adders
  A shadow imp (D:5)
  A white imp (D:6)
  2 ufetubi (D:6)
  11 adder zombies (Ossuary)
  3 worms
  2 dart slugs
  13 orcs
  5 bats
  6 endoplasms
  3 giant cockroaches
  9 hobgoblins
  5 jackals
  4 quokkas
  14 ball pythons
  3 frilled lizards
  3 gnoll zombies (Ossuary)
  16 goblins
  2 hobgoblin zombies (Ossuary)
  13 kobolds
  5 kobold zombies (Ossuary)
  5 orc zombies (Ossuary)
  3 rats
194 creatures vanquished.

Vanquished Creatures (others)
  108 foxfires
108 creatures vanquished.

Grand Total: 302 creatures vanquished

Notes
Turn   | Place    | Note
-------+----------+-------------------------------------------
     0 | D:1      | Ekaitz the Deep Elf Earth Elementalist began the quest for
                  | the Orb.
     0 | D:1      | Reached XP level 1. HP: 10/10 MP: 6/6
   137 | D:1      | Reached XP level 2. HP: 15/15 MP: 2/8
   140 | D:1      | Learned a level 2 spell: Passwall
   251 | D:1      | Found a faded altar of an unknown god.
   789 | D:2      | Reached XP level 3. HP: 20/20 MP: 6/10
   793 | D:2      | Learned a level 3 spell: Stone Arrow
  1182 | D:2      | Reached skill level 1 in Conjurations
  1489 | D:3      | Found a glowing silver altar of Zin.
  1489 | D:3      | Found an ornate altar of the Wu Jian Council.
  1489 | D:3      | Found a radiant altar of Vehumet.
  1493 | D:3      | Reached XP level 4. HP: 24/24 MP: 7/11
  1683 | D:3      | Found a transporter.
  1683 | D:3      | Noticed a black bear
  1684 | D:3      | Noticed an ogre
  1689 | D:3      | Found a transporter.
  1805 | D:3      | Found the +7 Throatcutter {drain, coup de grace}
  1805 | D:3      | Noticed a kobold brigand
  1815 | D:3      | Killed a kobold brigand
  1816 | D:3      | Reached skill level 1 in Fighting
  1816 | D:3      | Reached skill level 1 in Evocations
  1816 | D:3      | Reached XP level 5. HP: 21/29 MP: 7/13
  2018 | D:3      | Noticed Sigmund
  2061 | D:3      | Killed Sigmund
  2062 | D:3      | Reached skill level 1 in Shapeshifting
  2062 | D:3      | Reached XP level 6. HP: 22/34 MP: 8/14
  2113 | D:3      | Noticed Grinder
  2173 | D:3      | Reached skill level 5 in Earth Magic
  2533 | D:4      | Learned a level 4 spell: Brom's Barrelling Boulder
  2538 | D:4      | Learned a level 4 spell: Petrify
  2719 | D:4      | Found a staircase to the Ecumenical Temple.
  2728 | Temple   | Found a transporter.
  2728 | Temple   | Found a transporter.
  2728 | Temple   | Found a transporter.
  2728 | Temple   | Found a transporter.
  2728 | Temple   | Entered the Ecumenical Temple
  2846 | D:4      | Found a transporter.
  2846 | D:4      | Noticed Ekaitz's ghost (amateur DsFE)
  2850 | D:4      | Found a transporter.
  2919 | D:4      | Reached XP level 7. HP: 38/38 MP: 12/16
  3164 | D:4      | Found a white marble altar of Elyvilon.
  3528 | D:5      | Entered Level 5 of the Dungeon
  3650 | D:5      | Reached skill level 1 in Long Blades
  3795 | D:5      | Reached skill level 5 in Spellcasting
  3935 | D:5      | Noticed Prince Ribbit
  3944 | D:5      | Killed Prince Ribbit
  3945 | D:5      | Reached XP level 8. HP: 41/44 MP: 13/17
  4513 | D:3      | Reached skill level 5 in Stealth
  4609 | D:3      | Became a worshipper of Vehumet
  4729 | D:4      | Killed Ekaitz's ghost
  4729 | D:4      | HP: 1/45 [poisoned by Ekaitz's ghost]
  5012 | D:6      | Reached XP level 9. HP: 28/49 MP: 15/19
  5047 | D:6      | Reached skill level 5 in Dodging
  5113 | D:6      | Noticed Maggie
  5201 | D:6      | Found a glowing drain.
  5276 | Sewer    | Entered a sewer
  5372 | Sewer    | Reached * piety under Vehumet
  5372 | Sewer    | Offered knowledge of Foxfire by Vehumet.
  5375 | Sewer    | Learned a level 1 spell: Foxfire
  6300 | D:7      | Found an iron altar of Okawaru.
  6348 | D:7      | Found a sand-covered staircase.
  6356 | Ossuary  | Entered an ossuary
  6401 | Ossuary  | Reached skill level 5 in Conjurations
  6405 | Ossuary  | Reached ** piety under Vehumet
  6405 | Ossuary  | Offered knowledge of Static Discharge by Vehumet.
  6577 | D:7      | Found a flagged portal.
  6606 | Bailey   | Entered a bailey
  6641 | Bailey   | Offered knowledge of Inner Flame by Vehumet.
  6653 | Bailey   | Slain by a hobgoblin

Illustrated notes

Levels and vault maps discovered:
D:1:      spicycebolla_arrival_transporter_tutorial, layout_loops_ring,
          hellmonk_ecumenical_altar_pennies_from_heaven
D:2:      layout_loops_ring, minmay_heptomino_d4
D:3:      layout_loops_cross, gammafunk_temple_overflow_arena,
          dilly_guarded_unrand_throatcut, uniq_grinder, uniq_sigmund
D:4:      cheibrodos_quashed, layout_cave_pods, elyvilon_altar_5, temple_hall,
          gammafunk_ghost_mausoleum, minmay_misc_feat_x
D:5:      layout_gridville, mrwooster_statue_mirror, nicolae_tricolors,
          uniq_prince_ribbit1
D:6:      layout_basic, cheibrodos_sewer_entry_sluice, uniq_edmund, uniq_maggie
D:7:      layout_basic, kennysheep_okawaru_gauntlet, enter_bailey_3,
          lightli_ossuary_entry_decrepit_ruins, dk_noncrumbling_2,
          minmay_tree_intersection
Temple:   hellmonk_temple_divided_pantheon
Bailey:   bailey_axe_minmay_hex_keep, bailey

Skill      XL: |  1  2  3  4  5  6  7  8  9 |
---------------+----------------------------+-----
Earth Magic    | 4 5 6 |  6.9
Conjurations   | 1 2 3 4 5 |  5.1
Stealth        | 3 4 5 6 |  6.2
Dodging        | 3 4 5 |  5.6
Fighting       | 1 2 3 |  3.4
Spellcasting   | 4 5 6 |  6.6
Evocations     | 1 2 3 4 |  4.7
Shapeshifting  | 1 2 3 4 |  4.3
Long Blades    | 1 2 3 |  3.6
Short Blades   | |  0.6
Transmutations | |  1.7
Fire Magic     | |  0.4

Action                     |  1- 3 |  4- 6 |  7- 9 || total
---------------------------+-------+-------+-------++-------
  Melee: Dagger            |    23 |    13 |    11 ||    47
         Long sword        |       |    29 |   180 ||   209
   Cast: Sandblast         |    29 |    16 |     5 ||    50
         Passwall          |     4 |     6 |     8 ||    18
         Stone Arrow       |     1 |     7 |    59 ||    67
         Foxfire           |       |       |    58 ||    58
    Use: Potion            |       |       |     2 ||     2
         Scroll            |       |       |     8 ||     8
   Stab: Sleeping          |     8 |     6 |    17 ||    31
 Armour: Robe              |    11 |    30 |   143 ||   184
  Dodge: Dodged            |    18 |    31 |   207 ||   256

Table legend: (Time is in decaauts)
 A = Elapsed time spent in this place.
 B = Non-inter-level travel time spent in this place.
 C = Inter-level travel time spent in this place.
 D = Time resting spent in this place.
 E = Time spent auto-exploring this place.
 F = Levels seen in this place.
 G = Mean time per level.
                   A        B        C        D        E       F      G
               +--------+--------+--------+--------+--------+-----+--------+
         Total |   6786 |   6373 |    413 |    653 |   3743 |  11 |  616.9 |
       Dungeon |   6027 |   5618 |    409 |    553 |   3447 |   7 |  861.0 |
        Temple |      5 |      2 |      3 |      0 |      0 |   1 |    5.0 |
         Sewer |    514 |    514 |      0 |    100 |    281 |   1 |  514.0 |
       Ossuary |    189 |    189 |      0 |      0 |      0 |   1 |  189.0 |
        Bailey |     48 |     48 |      0 |      0 |     14 |   1 |   48.0 |
               +--------+--------+--------+--------+--------+-----+--------+

Top non-repeatable levels by time:
     D:4: 1366 daAuts
     D:3: 1273 daAuts
     D:2: 912 daAuts
     D:5: 830 daAuts
     D:6: 732 daAuts
     D:1: 633 daAuts
   Sewer: 514 daAuts
     D:7: 278 daAuts
 Ossuary: 189 daAuts
  Bailey: 48 daAuts
  Temple: 5 daAuts
